 Dungeon Crawl Stone Soup version 0.26.1-11-gd32895ea62 (webtiles) character file.

Game seed: 2154266689535054771

154 Cheops the Sneak (level 5, -1/28 HPs)
             Began as a Kobold Earth Elementalist on June 28, 2021.
             Slain by an orc
             ... wielding a +0 short sword
              (6 damage)
             ... on level 3 of the Dungeon.
             The game lasted 00:03:43 (2956 turns).

Cheops the Sneak (Kobold Earth Elementalist)        Turns: 2956, Time: 00:03:44

Health: -1/28      AC:  3    Str:  5    XL:     5   Next: 63%
Magic:  7/8        EV: 15    Int: 18    God:
Gold:   149        SH:  0    Dex: 15    Spells: 2/8 levels left

rFire    + . .     SeeInvis .   b - +3 short sword
rCold    . . .     Faith    .   (shield restricted)
rNeg     . . .     Spirit   .   c - +0 robe
rPois    .         Reflect  .   (no helmet)
rElec    .         Harm     .   (no cloak)
rCorr    .         Rampage  .   (no gloves)
Will     +....                  g - +0 pair of boots
Stlth    ++++......             (no amulet)
HPRegen  0.09/turn              j - ring of protection from fire
MPRegen  0.11/turn              f - ring of willpower

@: no status effects
A: small, nightstalker 3
a: no special abilities


You were on level 3 of the Dungeon.
You visited 1 branch of the dungeon, and saw 3 of its levels.

You collected 149 gold pieces.

Inventory:

Hand Weapons
 a - a +0 dagger
 b - a +3 short sword (weapon)
Missiles
 h - 82 stones
Armour
 c - a +0 robe (worn)
 g - a +0 pair of boots (worn)
Jewellery
 f - a ring of willpower (right hand)
 j - a ring of protection from fire (left hand)
Wands
 i - a wand of flame (21)
Scrolls
 l - a scroll of identify
 n - a scroll of blinking {unknown}
Potions
 d - a potion of might
 e - a potion of resistance
 k - a potion of flight {unknown}
 m - a potion of attraction {unknown}


   Skills:
 - Level 2.4 Dodging
 - Level 5.0 Stealth
 - Level 2.1 Spellcasting
 + Level 0.6 Conjurations
 - Level 1.0 Transmutations
 - Level 5.0 Earth Magic


You had 2 spell levels left.
You knew the following spells:

 Your Spells              Type           Power        Failure   Level
a - Sandblast             Erth           38%          2%          1
b - Stone Arrow           Conj/Erth      24%          17%         3
P - Passwall              Tmut/Erth      10%          8%          2

Your spell library contained the following spells:

 Spells                   Type           Power        Failure   Level
 Petrify                  Tmut/Erth      12%          45%         4
 Lee's Rapid Deconstruct  Erth           9%           54%         5


Dungeon Overview and Level Annotations

Branches:
Dungeon (3/15)

Altars:
Ashenzari
Uskayaw
Yredelemnul


Innate Abilities, Weirdness & Mutations

You are small and have problems with some larger weapons.
You are completely attuned to the shadows.


Message History

The orc barely misses you.
The orc priest shouts!
You hit the orc priest but do no damage.
The orc priest hits you with a +0 flail.
The orc closely misses you. The orc barely misses you.
The orc closely misses you.
Casting: Sandblast (safe; 2% risk of failure)
Confirm with . or Enter, or press ? or * to list all spells.
Aiming: Sandblast (safe; 2% risk of failure)
Press: ? - help, Shift-Dir - straight line, f - orc priest
Aim: an orc priest, wielding a +0 flail and wearing a +0 scale mail (18% to evade)
The blast of sand hits the orc priest but does no damage.
h - 82 stones The orc priest hits you with a +0 flail.
The orc hits you with a +0 mace!
* * * LOW HITPOINT WARNING * * *
The orc hits you.
* * * LOW HITPOINT WARNING * * *
The orc closely misses you. The orc hits you with a +0 short sword.
You die...

#########
#........#
#.o......#
#oo......#
#@o......#
#........#
#........####
............##
...####.......
.. .. #.....#
.. #.....# ..
#.....##. ..
###>..... ..


You could see an orc priest and 3 orcs.

Vanquished Creatures
  Jessica (D:2)
  A worker ant (D:2)
  6 adders
  A worm (D:2)
  A leopard gecko (D:1)
  2 orcs (D:3)
  A ball python (D:1)
  A giant cockroach (D:2)
  5 goblins
  3 hobgoblins
  3 jackals (D:2)
  3 kobolds
  3 bats
  5 frilled lizards
  15 rats
51 creatures vanquished.

Notes
Turn   | Place    | Note
-------+----------+-------------------------------------------
     0 | D:1      | Cheops the Kobold Earth Elementalist began the quest for
                  | the Orb.
     0 | D:1      | Reached XP level 1. HP: 10/10 MP: 3/3
   337 | D:1      | Found a broken altar of Ashenzari.
   411 | D:1      | Reached XP level 2. HP: 15/15 MP: 5/5
  1205 | D:2      | Reached XP level 3. HP: 19/19 MP: 4/6
  1274 | D:2      | Reached skill level 5 in Stealth
  1347 | D:2      | Learned a level 3 spell: Stone Arrow
  1350 | D:2      | Learned a level 2 spell: Passwall
  1515 | D:2      | Reached XP level 4. HP: 21/24 MP: 1/7
  1629 | D:2      | Noticed Jessica
  1641 | D:2      | Killed Jessica
  1873 | D:2      | Reached XP level 5. HP: 14/28 MP: 2/8
  2213 | D:2      | Found a basalt altar of Yredelemnul.
  2287 | D:2      | Found a hide-covered altar of Uskayaw.
  2654 | D:3      | Reached skill level 5 in Earth Magic
  2956 | D:3      | Slain by an orc

Illustrated notes

Levels and vault maps discovered:
D:1:      dpeg_arrival_ratfight, layout_basic, serial_corexii_hall,
          chequers_hall_statues_wall_a, corexii_hall_statues_i,
          ashenzari_altar_1
D:2:      layout_loops_ring, lemuel_coloured_pillars_altar,
          nicolae_overflow_crystal_walls, uniq_jessica
D:3:      layout_basic, minmay_misc_feat_room

Skill      XL: |  1  2  3  4  5 |
---------------+----------------+-----
Stealth        | 3 4 5 |  5.0
Earth Magic    | 4 5 |  5.0
Dodging        | |  2.4
Spellcasting   | |  2.1
Conjurations   | |  0.6
Transmutations | |  1.0

Action                   |  1- 3 |  4- 6 || total
-------------------------+-------+-------++-------
Melee: Unarmed           |     8 |       ||     8
       Dagger            |    42 |       ||    42
       Short sword       |       |    35 ||    35
 Cast: Sandblast         |    26 |    15 ||    41
  Use: Scroll            |     2 |     2 ||     4
 Stab: Sleeping          |     8 |     8 ||    16
Armor: Robe              |    10 |     3 ||    13
Dodge: Dodged            |    47 |    31 ||    78
